 Dungeon Crawl Stone Soup version 0.26.1-11-gd32895ea62 (webtiles) character file.

Game seed: 9384654086929892951

1180 Sopht the Slasher (level 8, -5/73 HPs)
             Began as a Tengu Berserker on July 18, 2021.
             Was a Believer of Trog.
             Slain by Sigmund
             ... wielding a +3 scythe of freezing
              (7 damage)
             ... on level 5 of the Dungeon.
             The game lasted 00:25:01 (5295 turns).

Sopht the Slasher (Tengu Berserker)                 Turns: 5295, Time: 00:25:02

Health: -5/73      AC:  8    Str: 20    XL:     8   Next: 42%
Magic:  9/9        EV: 15    Int:  6    God:    Trog [**....]
Gold:   216        SH:  0    Dex: 15    Spells: 7/7 levels left

rFire    . . .     SeeInvis .   a - +4 falchion
rCold    . . .     Faith    .   (no shield)
rNeg     . . .     Spirit   .   h - +1 scale mail
rPois    .         Reflect  .   (helmet restricted)
rElec    .         Harm     .   (no cloak)
rCorr    .         Rampage  .   (no gloves)
Will     +++..                  (boots unavailable)
Stlth    ..........             (no amulet)
HPRegen  1.22/turn              i - ring of willpower
MPRegen  0.11/turn              (no ring)

@: berserking, flying quickly and evasively, regenerating, very quick
A: beak, talons 3, thin skeletal structure 1, dopey 1, able to fly
a: Stop Flying, Renounce Religion, Berserk, Trog's Hand


You were on level 5 of the Dungeon.
You worshipped Trog.
Trog was pleased with you.
You visited 1 branch of the dungeon, and saw 5 of its levels.

You collected 216 gold pieces.

Inventory:

Hand Weapons
 a - a +4 falchion (weapon)
 f - a +2 short sword of draining
 j - a cursed -3 short sword
 l - a +2 vorpal quarterstaff
Missiles
 k - 6 javelins
 o - 3 boomerangs
Armour
 h - a +1 scale mail (worn)
Jewellery
 i - a ring of willpower (left hand)
Wands
 g - a wand of paralysis (12) (quivered)
Scrolls
 n - a scroll of immolation
 p - a scroll of magic mapping {unknown}
Potions
 c - 2 potions of magic {unknown}
 e - 5 potions of curing
 m - a potion of haste {unknown}


   Skills:
 + Level 5.0 Fighting
 + Level 7.5 Long Blades
 + Level 4.7 Armour
 + Level 4.6 Dodging
 + Level 3.2 Stealth
 + Level 0.1 Evocations


You had 7 spell levels left.
You didn't know any spells.
Your spell library was empty.

Dungeon Overview and Level Annotations

Branches:
Dungeon (5/15)
 Temple: D:4-7

Altars:
Dithmenos
Hepliaklqana
Okawaru
Ru

Annotations:
D:5 Sigmund


Innate Abilities, Weirdness & Mutations

You have a beak for a mouth.
You have claws for feet.
You can fly continuously.
You have a somewhat thin skeletal structure. (Dex +2, Stealth)
You are dopey. (Int -2)


Message History

You destroy Menkaure!
Trog accepts your kill.
Trog appreciates your killing of a magic user.
The centaur shoots an arrow.
The arrow hits you.
* * * LOW HITPOINT WARNING * * *
A ball python comes into view.
Sigmund casts a spell at himself.
Sigmund flickers and vanishes!
Deactivating autopickup; reactivate with Ctrl-A.
The ball python hisses angrily.
Your Fighting skill increases to level 5!
You slice the water moccasin skeleton!! You claw the water moccasin skeleton!
You destroy the water moccasin skeleton!
Trog accepts your kill.
The centaur shoots an arrow.
The arrow hits you!
* * * LOW HITPOINT WARNING * * *
The centaur unwields a +0 shortbow.
The centaur hits you!
* * * LOW HITPOINT WARNING * * *
Something hits you!
You die...

##.<.# .....# ##)..#
#. ##...### #.
.....#.. .. ##...#.#
#. #...#.# #. ####.#
#<..#.#
#.######..)..##
#####†#
#..#.((@c...S..
###..####...###{#..###
###......|....# ... #
..†.#.######.## ..##
####..# #.# #.# #.>##
#.# .# #.## #.# ## ..
#.. #.. ...


You could see a centaur and a ball python.

Vanquished Creatures
  Eustachio (D:4)
  Menkaure (D:5)
  An ogre (D:5)
  3 phantoms
  A scorpion (D:5)
  A water moccasin skeleton (D:5)
  A hound (D:4)
  3 orc priests
  3 orc wizards
  Terence (D:2)
  2 worker ants (D:4)
  4 gnolls (D:2)
  3 adders
  A white imp (D:3)
  2 oozes
  5 worms
  A dart slug (D:2)
  2 leopard geckos
  17 orcs
  9 bats
  3 giant cockroaches
  8 goblins
  8 hobgoblins
  10 jackals
  6 kobolds
  A quokka (D:2)
  4 ball pythons
  7 frilled lizards
  9 rats
118 creatures vanquished.

Notes
Turn   | Place    | Note
-------+----------+-------------------------------------------
     0 | D:1      | Sopht the Tengu Berserker began the quest for the Orb.
     0 | D:1      | Reached XP level 1. HP: 14/14 MP: 2/2
     2 | D:1      | Noticed a centaur
     4 | D:1      | Noticed a merfolk
     4 | D:1      | Noticed a formicid
     6 | D:1      | Noticed a vampire
     8 | D:1      | Noticed a demonspawn
     8 | D:1      | Noticed a human
    10 | D:1      | Noticed a halfling
    10 | D:1      | Noticed a gargoyle
    12 | D:1      | Noticed a spriggan
    12 | D:1      | Noticed a dwarf
    14 | D:1      | Noticed a troll
    14 | D:1      | Noticed a minotaur
    18 | D:1      | Noticed a ghoul
    18 | D:1      | Noticed a demigod
    20 | D:1      | Noticed an elf
    20 | D:1      | Noticed a felid
    22 | D:1      | Noticed an ogre
    22 | D:1      | Noticed an octopode
    24 | D:1      | Noticed a tengu
    24 | D:1      | Noticed a draconian
    26 | D:1      | Noticed a vine stalker
    26 | D:1      | Noticed a naga
   210 | D:1      | Reached XP level 2. HP: 5/19 MP: 3/3
   569 | D:1      | Reached XP level 3. HP: 8/23 MP: 4/4
  1392 | D:2      | Reached ** piety under Trog
  1576 | D:2      | Reached skill level 4 in Long Blades
  1578 | D:2      | Reached XP level 4. HP: 28/28 MP: 5/5
  1958 | D:2      | Found an iron altar of Okawaru.
  1960 | D:2      | Found a shadowy altar of Dithmenos.
  1962 | D:2      | Found a sacrificial altar of Ru.
  2476 | D:2      | Noticed Terence
  2484 | D:2      | Killed Terence
  2485 | D:2      | Gained mutation: You can fly continuously. [Tengu growth]
  2485 | D:2      | Reached XP level 5. HP: 33/33 MP: 6/6
  2674 | D:2      | Reached skill level 1 in Stealth
  3325 | D:3      | Reached skill level 5 in Long Blades
  3439 | D:3      | Reached XP level 6. HP: 35/38 MP: 7/7
  3507 | D:3      | Gained mutation: Your magical capacity is low. (-10% MP)
                  | [potion of mutation]
  3507 | D:3      | Gained mutation: Your muscles are strong. (Str +2) [potion
                  | of mutation]
  3509 | D:3      | Lost mutation: Your magical capacity is low. (-10% MP)
                  | [potion of mutation]
  3509 | D:3      | Lost mutation: Your muscles are strong. (Str +2) [potion of
                  | mutation]
  3509 | D:3      | Gained mutation: You are dopey. (Int -2) [potion of
                  | mutation]
  3509 | D:3      | Gained mutation: You have a somewhat thin skeletal
                  | structure. (Dex +2, Stealth) [potion of mutation]
  4362 | D:4      | Noticed a phantom
  4377 | D:4      | Killed a phantom
  4392 | D:4      | Reached XP level 7. HP: 43/43 MP: 8/8
  4429 | D:4      | Reached skill level 6 in Long Blades
  4771 | D:4      | Noticed Eustachio
  4796 | D:4      | Killed Eustachio
  4972 | D:4      | Found a hazy altar of Hepliaklqana.
  5177 | D:5      | Entered Level 5 of the Dungeon
  5204 | D:5      | Reached skill level 7 in Long Blades
  5204 | D:5      | Reached XP level 8. HP: 47/48 MP: 9/9
  5258 | D:5      | Reached *** piety under Trog
  5274 | D:5      | Noticed Menkaure
  5281 | D:5      | Noticed Sigmund
  5293 | D:5      | Killed Menkaure
  5294 | D:5      | Reached skill level 5 in Fighting
  5295 | D:5      | HP: 2/73 [centaur (8)]
  5295 | D:5      | Slain by Sigmund

Illustrated notes

Levels and vault maps discovered:
D:1:      kb_arrival_jail, layout_rooms, minmay_pentomino_x4
D:2:      layout_basic, minitemple, hangedman_glass_teeth, uniq_terence
D:3:      layout_basic, grunt_ministairs_3
D:4:      cheibrodos_quashed, layout_cave_pools, nzn_hepliaklqana_mist_gate,
          uniq_eustachio
D:5:      layout_rooms, tgw_trog, chequers_temple_overflow_statue_of_worship,
          amcnicky_altar_gilded, uniq_sigmund, uniq_menkaure,
          uniq_crazy_yiuf_cottage

Skill      XL: |  1  2  3  4  5  6  7  8 |
---------------+-------------------------+-----
Long Blades    | 4 5 7 |  7.5
Dodging        | 3 4 |  4.6
Stealth        | 1 2 3 |  3.2
Fighting       | 4 5 |  5.0
Armour         | 3 4 |  4.7
Evocations     | |  0.1

Action                   |  1- 3 |  4- 6 |  7- 9 || total
-------------------------+-------+-------+-------++-------
Melee: Falchion          |    48 |   137 |    94 ||   279
       Kick              |    16 |    37 |    41 ||    94
       Peck              |    11 |    22 |    30 ||    63
Invok: Berserk           |     2 |     3 |     3 ||     8
       Trog's Hand       |     1 |     3 |     5 ||     9
 Abil: Fly               |       |     1 |       ||     1
Evoke: Wand              |       |       |     1 ||     1
  Use: Scroll            |       |     8 |     5 ||    13
       Potion            |       |     3 |       ||     3
 Stab: Sleeping          |       |     2 |       ||     2
       Paralysed         |       |       |     4 ||     4
Armor: Animal skin       |     8 |     9 |       ||    17
       Scale mail        |       |    30 |    46 ||    76
Dodge: Dodged            |    40 |    86 |   100 ||   226
       Rpst.: Falchion   |    16 |    20 |    26 ||    62
